 Seeded DCSS version 0.28-a0-612-gcfc00ec14d (webtiles) character file.

Game seed: 20211006 (custom seed)

48 a11behringer the Sneak (level 3, -9/24 HPs)
             Began as an Octopode Brigand on Oct 6, 2021.
             Mangled by Terence (11 damage)
             ... on level 3 of the Dungeon.
             The game lasted 00:13:06 (2135 turns).

a11behringer the Sneak (Octopode Brigand)           Turns: 2135, Time: 00:13:07

Health: -9/24      AC:  1    Str: 10    XL:     3   Next: 72%
Magic:  3/3        EV: 12    Int: 13    God:
Gold:   77         SH:  0    Dex: 14    Spells: 2/2 levels left

rFire   . . .      SeeInvis .   a - +3 dagger
rCold   . . .      Faith    .   (no shield)
rNeg    . . .      Spirit   .   (helmet restricted)
rPois   .          Reflect  .   (no amulet)
rElec   .          Harm     .   (no ring)
rCorr   .          Rampage  .   (no ring)
Will    .....                   (no ring)
Stlth   ++++......              (no ring)
HPRegen 0.08/turn               (no ring)
MPRegen 0.08/turn               (no ring)
                                (no ring)
                                (no ring)

@: no status effects
A: almost no armour, amphibious, 8 rings, camouflage 1, gelatinous body 1,
(nimble swimmer 1), tentacles
a: no special abilities


You were on level 3 of the Dungeon.
You visited 1 branch of the dungeon, and saw 3 of its levels.

You collected 77 gold pieces.

Inventory:

Hand Weapons
 a - a +3 dagger (weapon)
 f - a +0 short sword
 h - a +1 spear of venom
Missiles
 b - 11 poisoned darts (quivered)
 c - 5 curare-tipped darts
Scrolls
 e - 3 scrolls of identify {unknown}
 i - a scroll of teleportation {unknown}
 k - a scroll of enchant weapon
 m - a scroll of brand weapon {unknown}
Potions
 d - a potion of haste {unknown}
 g - 2 potions of degeneration {unknown}
 j - a potion of mutation {unknown}
 l - a potion of lignification {unknown}
 n - a potion of invisibility {unknown}


   Skills:
 + Level 2.2 Fighting
 * Level 2.4 Short Blades
 * Level 2.9 Throwing
 + Level 1.0 Dodging
 + Level 6.0 Stealth


You had 2 spell levels left.
You didn't know any spells.
Your spell library contained the following spells:

 Spells                   Type           Power      Damage    Failure   Level
 Animate Skeleton         Necr           0%         N/A       30%         1
 Pain                     Necr           0%         1d4       30%         1
 Sublimation of Blood     Necr           0%         N/A       43%         2
 Vampiric Draining        Necr           0%         2d6       67%         3
 Petrify                  Tmut/Erth      0%         N/A       97%         4
 Irradiate                Conj/Tmut      0%         3d14      100%        5


Dungeon Overview and Level Annotations

Branches:
Dungeon (3/15)

Altars:

Shops:
D:1 (

Annotations:
D:3 Terence


Innate Abilities, Weirdness & Mutations

You cannot wear most types of armour.
You are amphibious.
You can wear up to eight rings at the same time.
Your skin changes colour to match your surroundings (Stealth+).
Your rubbery body absorbs attacks. (AC +1, EV +1)
((You are camouflaged near water. (Stealth+)))
You have tentacles for arms and can constrict up to eight enemies at once.


Message History

You constrict the orc, but do no damage.
The orc hits you with a +0 falchion!
You hit the orc.
The orc is almost dead.
You constrict the orc.
You kill the orc!
Unknown command.
Items here: ) ? [ †.
Throw: 13 darts (poison)
Press: ? - help, Q - select action, (/) - cycle Shift-Dir - straight line, f - Terence
Aim: Terence, wielding a +0 mace and wearing a +0 scale mail (64% to hit)
You throw a poisoned dart.
The poisoned dart barely misses Terence.
Throw: 12 darts (poison)
Press: ? - help, Q - select action, (/) - cycle Shift-Dir - straight line, f/p - Terence
Aim: Terence, wielding a +0 mace and wearing a +0 scale mail (64% to hit)
You throw a poisoned dart.
The poisoned dart barely misses Terence.
You closely miss Terence. Your grab misses Terence.
Terence completely misses you.
You barely miss Terence. You grab Terence. You squeeze Terence!
Terence is moderately wounded.
You constrict Terence, but do no damage.
You hit Terence.
Terence is heavily wounded.
You constrict Terence, but do no damage.
Terence hits you with a +0 mace.
You hit Terence but do no damage.
Terence is heavily wounded.
You constrict Terence. Terence hits you with a +0 mace!
* * * LOW HITPOINT WARNING * * *
You hit Terence but do no damage.
Terence is heavily wounded.
You constrict Terence, but do no damage.
Terence hits you with a +0 mace.
* * * LOW HITPOINT WARNING * * *
You hit Terence but do no damage. You squeeze Terence!
Terence is almost dead.
You constrict Terence. Terence hits you with a +0 mace!
You die...

#........##'##
#........##.#
#........##.#
########.##.#
#......# #
###.##### #..
##.....##
#..#.##.......#
#(.@@.....+
#..#(#........#
#..# ##.......#
#.. #########


You could see Terence.

Vanquished Creatures
  A worm (D:2)
  2 dart slugs
  An orc (D:3)
  2 ball pythons
  An endoplasm (D:1)
  A giant cockroach (D:1)
  3 goblins
  5 hobgoblins
  7 jackals
  A quokka (D:1)
  6 bats
  2 kobolds
  4 rats
36 creatures vanquished.

Vanquished Creatures (others)
  5 plants (D:1)
5 creatures vanquished.

Grand Total: 41 creatures vanquished

Notes
Turn   | Place    | Note
-------+----------+-------------------------------------------
     0 | D:1      | a11behringer the Octopode Brigand began the quest for the
                  | Orb.
     0 | D:1      | Reached XP level 1. HP: 14/14 MP: 1/1
    21 | D:1      | Found Asisoshru's Antique Weapon Shoppe.
    72 | D:1      | Reached XP level 2. HP: 16/19 MP: 2/2
   742 | D:2      | Reached skill level 6 in Stealth
   742 | D:2      | Reached XP level 3. HP: 24/24 MP: 3/3
  2121 | D:3      | Noticed Terence
  2135 | D:3      | Mangled by Terence

Illustrated notes

Levels and vault maps discovered:
D:1:      minmay_arrival_glassed_features, layout_basic, serial_shops,
          shop_fountains, serial_bayou_lagoon_b
D:2:      layout_basic, kennysheep_generic_room_13
D:3:      lemuel_castle_with_subvaults [lemuel_castle_interior_carwin_3],
          layout_basic, shapermc_ecumenical_altar_notcrosses, uniq_jessica,
          uniq_terence

Skill      XL: |  1  2 |
---------------+-------+-----
Stealth        | 6 |  6.0
Fighting       | |  2.2
Short Blades   | |  2.4
Throwing       | |  2.9
Dodging        | |  1.0

Action                   || total
-------------------------++-------
Melee: Dagger            ||    55
       Constrict         ||    15
       Tentacles         ||    10
Throw: Dart              ||    50
  Use: Scroll            ||     1
 Stab: Sleeping          ||     6
Armor: Skin              ||     1
Dodge: Dodged            ||    20

Table legend: (Time is in decaauts)
 A = Elapsed time spent in this place.
 B = Non-inter-level travel time spent in this place.
 C = Inter-level travel time spent in this place.
 D = Time resting spent in this place.
 E = Time spent auto-exploring this place.
 F = Levels seen in this place.
 G = Mean time per level.
                   A        B        C        D        E       F      G
               +--------+--------+--------+--------+--------+-----+--------+
         Total |   2123 |   1612 |    511 |      0 |   1373 |   3 |  707.7 |
       Dungeon |   2123 |   1612 |    511 |      0 |   1373 |   3 |  707.7 |
               +--------+--------+--------+--------+--------+-----+--------+

Top non-repeatable levels by time:
     D:2: 1331 daAuts
     D:1: 699 daAuts
     D:3: 93 daAuts
